 Dungeon Crawl Stone Soup version 0.29.1-12-g30fa7ad0bf (webtiles) character file.

Game seed: 14272158410135327647

80249 soggyman666 the Severer (level 15, 0/136 HPs)
             Began as a Minotaur Fighter on Dec 26, 2022.
             Was the Champion of Okawaru.
             Slain by Donald
             ... wielding a +0 broad axe
              (40 damage)
             ... on level 1 of the Swamp.
             The game lasted 02:28:36 (24180 turns).

soggyman666 the Severer (Minotaur Fighter)         Turns: 24180, Time: 02:28:36

Health: 0/136      AC: 31    Str: 26    XL:     15   Next: 23%
Magic:  12/18      EV: 20    Int:  9    God:    Okawaru [******]
Gold:   797        SH: 12    Dex: 22    Spells: 14/14 levels left

rFire   . . .      SeeInvis +   X - +5 broad axe (vorpal)
rCold   x . .      Faith    .   c - +3 buckler
rNeg    . . .      Spirit   .   S - +3 plate armour "Vuhuefop" {+Inv rC- rCorr Dex+6}
rPois   +          Reflect  .   Y - +2 hat {SInv}
rElec   .          Harm     .   b - +2 cloak
rCorr   +          Rampage  .   e - +0 pair of gloves
Will    +....                   J - +1 pair of boots
Stlth   ..........              I - amulet of regeneration
HPRegen 1.12/turn               N - +4 ring of evasion
MPRegen 0.16/turn               H - +6 ring of dexterity

@: mighty, heroic, finesse-ful, unable to read
A: horns 2, retaliatory headbutt, clever 1, poison resistance, inability to read
after injury 1
a: Renounce Religion, Evoke Invisibility, Heroism, Finesse, Duel


You were on level 1 of the Swamp.
You worshipped Okawaru.
Okawaru was exalted by your worship.
You visited 7 branches of the dungeon, and saw 23 of its levels.
You also visited: Sewer and Gauntlet.

You collected 1446 gold pieces.
You spent 649 gold pieces at shops.

Inventory:

Hand Weapons
 a - the +5 mace "Cewuwol" {freeze, Str+4}
   (You bought it in a shop on level 8 of the Dungeon)

   It freezes those it strikes, dealing additional cold damage.
   It can also slow down cold-blooded creatures.
   Str:       It affects your strength (+4).
 Q - the +8 whip "Snakebite" {venom, curare, rPois}
   (You found it in a Gauntlet)

   It poisons the flesh of those it strikes.
   It occasionally inflicts asphyxiating poison on those it strikes, dealing
   poison damage and causing slowness.
   rPois:     It protects you from poison.
 X - a +5 vorpal broad axe (weapon)
Missiles
 k - 32 poisoned darts
 r - 3 throwing nets
 x - 5 curare-tipped darts
 B - 2 atropa-tipped darts
 T - 5 silver javelins
Armour
 b - a +2 cloak (worn)
 c - a +3 buckler (worn)
 e - a +0 pair of gloves (worn)
 J - a +1 pair of boots (worn)
 S - the +3 plate armour "Vuhuefop" (worn) {+Inv rC- rCorr Dex+6}
   (You took it off a minotaur in a Gauntlet)

   Dex:       It affects your dexterity (+6).
   rC:        It makes you vulnerable to cold.
   +Inv:      It lets you turn invisible.
   rCorr:     It protects you from acid and corrosion.
 Y - a +2 hat of see invisible (worn)
Jewellery
 g - a ring of ice
 m - an amulet of reflection
 s - a ring of see invisible
 u - a +6 ring of dexterity
 w - a ring of willpower
 C - a ring of magical power
 F - a ring of flight
 G - a ring of resist corrosion
 H - a +6 ring of dexterity (right hand)
 I - an amulet of regeneration (around neck)
 N - a +4 ring of evasion (left hand)
 R - the ring of the Will of the Gods {Fire rN++ Will+ Str+3 Dex-4}
   (You found it in a Gauntlet)

   [ring of fire]

   It enhances your fire magic.
   Str:       It affects your strength (+3).
   Dex:       It affects your dexterity (-4).
   rF:        It protects you from fire.
   rC:        It makes you vulnerable to cold.
   rN:        It greatly protects you from negative energy.
   Will:      It increases your willpower.
Wands
 f - a wand of flame (31) (quivered)
 o - a wand of iceblast (14)
 y - a wand of polymorph (15)
 U - a wand of mindburst (3)
Scrolls
 i - 5 scrolls of blinking
 j - 5 scrolls of identify
 l - 6 scrolls of teleportation
 n - 3 scrolls of fog
 p - 6 scrolls of fear
 z - a scroll of poison
 E - a scroll of enchant weapon
 P - 2 scrolls of silence
Potions
 d - 2 potions of haste
 h - a potion of cancellation
 q - 2 potions of brilliance
 v - a potion of resistance
 A - 4 potions of flight
 D - 2 potions of heal wounds
 K - a potion of berserk rage
 L - 7 potions of curing
 M - a potion of invisibility
Miscellaneous
 O - a tin of tremorstones (2/2)
 V - a condenser vane
 W - a phial of floods


   Skills:
 + Level 13.6(18.6) Fighting
 + Level 18.3(23.5) Axes
 + Level 4.2(17.7) Maces & Flails
 + Level 2.1(7.1) Throwing
 + Level 13.2(18.2) Armour
 * Level 7.2(12.2) Dodging
 + Level 4.2(9.2) Stealth
 + Level 12.4(17.4) Shields
 * Level 5.9 Invocations
 + Level 6.4 Evocations


You had 14 spell levels left.
You didn't know any spells.
Your spell library contained the following spells:

 Spells                   Type           Power      Damage    Failure   Level
 Beastly Appendage        Tmut           0%         N/A       94%         1
 Wereblood                Tmut           0%         N/A       98%         2
 Dazzling Flash           Conj/Hex       0%         N/A       100%        3
 Gell's Gravitas          Tloc           0%         N/A       100%        3
 Spider Form              Tmut/Pois      0%         N/A       100%        3
 Teleport Other           Tloc           0%         N/A       100%        3
 Corpse Rot               Necr/Pois/Air  0%         N/A       100%        4
 Dispel Undead            Necr           0%         3d6       100%        4
 Iskenderun's Mystic Bla  Conj/Tloc      0%         2d3       100%        4
 Dispersal                Tloc           0%         N/A       100%        6
 Eringya's Noxious Bog    Tmut/Pois      0%         N/A       100%        6
 Starburst                Conj/Fire      0%         6d3       100%        6
 Summon Forest            Summ/Tloc      Unusable   N/A       N/A         5
 Death Channel            Necr           Unusable   N/A       N/A         6
 Summon Hydra             Summ           Unusable   N/A       N/A         7

Dungeon Overview and Level Annotations

Branches:
Dungeon (13/15)            Temple (1/1) D:7            Lair (4/5) D:9
  Swamp (1/4) Lair:3       Spider (1/4) Lair:2          Orc (2/2) D:12
    Elf (1/3) Orc:2         Sewer (visited)         Gauntlet (visited)
  Slime: Lair:4-5    Vaults: D:13-14

Altars:
Ashenzari
Cheibriados
Dithmenos
Elyvilon
Fedhas
Gozag
Hepliaklqana
Kikubaaqudgha
Makhleb
Nemelex Xobeh
Okawaru
Qazlal
Ru
Sif Muna
Trog
Uskayaw
Vehumet
Wu Jian
Xom
Yredelemnul
Zin
The Shining One

Shops:
D:6 (   D:7 *   D:8 (   Orc:2 !=:!

Annotations:
D:7 DUMP
Swamp:1 Donald
Orc:2 potion heal wounds


Innate Abilities, Weirdness & Mutations

You have a pair of horns on your head.
You reflexively headbutt those who attack you in melee.
Your mind is acute. (Int +4, Str/Dex -1)
Your system is resistant to poisons. (rPois)
You occasionally lose the ability to read scrolls when taking damage.


Message History

Donald hits you with a +0 broad axe!
You gain the combat prowess of a mighty hero.
Donald hits you with a +0 broad axe! Donald barely misses you.
You furiously retaliate!
You headbutt Donald, but do no damage.
You are too injured to fight recklessly!
You are too injured to fight recklessly!
You are too injured to fight recklessly!
Okay, then.
You feel much better. Donald hits you with a +0 broad axe!!
You feel threatened and lose the ability to read scrolls!
Donald blocks your attack.
Your headbutt misses Donald.
Donald is moderately wounded.
Donald hits you with a +0 broad axe!!
* * * LOW HITPOINT WARNING * * *
Donald blocks your attack. x2
Donald is moderately wounded.
Donald hits you with a +0 broad axe!!
* * * LOW HITPOINT WARNING * * *
You cannot read scrolls in your current state!
Unknown command.
You feel much better.
Donald says, "What could mosquitoes possibly want with my blood?"
You block Donald's attack. Donald completely misses you.
You block Donald's attack.
Unknown command.
Okay, then.
Unknown command.
You feel much better. Donald barely misses you.
Donald says, "And you think you've got it bad..."
Donald hits you with a +0 broad axe!
* * * LOW HITPOINT WARNING * * *
You feel very mighty all of a sudden.
Donald says, "Oh, hey!
I could use a new shield.
Have you got any spares?" Donald hits you but does no damage.
You can now deal lightning-fast blows.
Donald says, "Okawaru always makes me think of chokos."
Donald closely misses you. You furiously retaliate!
You headbutt Donald.
Donald says, "You're really ugly.
Did you know that?" Donald hits you with a +0 broad axe!!!
You die...

♣♣ ~♣~ ....
♣♣..~~~
♣♣~♣.~~~~
♣♣♣♣♣.....~~~
♣♣....~~.♣.~..
♣..<@@.....§~~
♣♣.♣♣~~♣....§~
.~. ♣~♣♣ ~..~~
...~~ ... §~~~
..~.~~~§~~..
~~~
§~...~♣♣♣♣♣♣.
~~ .....♣ ♣♣ ~
♣...♣


You could see Donald (fast, strong).

Vanquished Creatures
  Gastronok (Lair:3)
  An orc warlord (Orc:2)
  A minotaur (Gauntlet)
  Fannar (Lair:1)
  Josephine (Lair:3)
  Erolcha (D:9)
  Harold (D:10)
  3 hydras
  2 boulder beetles
  7 two-headed ogres
  3 death yaks (Lair:3)
  5 orc high priests (Orc:2)
  A thrashing horror (Gauntlet)
  Nergalle (D:11)
  Amaemon (Lair:3)
  A sixfirhy (D:9)
  Pikel (D:5)
  4 orc knights
  2 deep elf pyromancers
  An ugly thing (D:11)
  9 orc sorcerers (Orc:2)
  A wolf spider (Lair:2)
  A manticore (D:12)
  4 elephants (Lair:3)
  12 centaur zombies (D:10)
  Maurice (D:10)
  5 cane toads
  3 gargoyles
  An orange demon (Lair:3)
  A rime drake (Lair:2)
  An unseen horror zombie (D:10)
  5 komodo dragons
  Psyche (D:12)
  An unseen horror (D:11)
  An ice devil (Gauntlet)
  5 trolls
  A hornet (Lair:2)
  A polar bear (Lair:3)
  The ghost of Jingleheimer the Cudgeller, an amateur DsFi (D:3)
  A tarantella (Lair:2)
  5 blink frogs (Lair:2)
  A meliai zombie (D:10)
  A centaur simulacrum (D:11)
  6 vampires (D:10)
  31 yaks
  6 jumping spiders (Lair:2)
  3 shadows (D:10)
  8 spriggans (D:8)
  12 wraiths
  4 basilisks
  3 wyverns
  7 vampire mosquitoes
  3 chaos spawn (Gauntlet)
  A redback (Lair:2)
  3 steam dragons
  Eustachio (D:6)
  A neqoxec (Gauntlet)
  5 wargs
  Edmund (D:4)
  6 water moccasins
  2 black bears
  37 orc warriors
  2 sky beasts
  An ice beast (D:7)
  10 ogres
  5 wolves (Lair:2)
  6 centaurs
  A lemure (D:5)
  A phantom (D:6)
  7 kobold brigands
  4 gnoll sergeants
  3 bullfrogs
  4 scorpions
  2 necrophages (D:5)
  3 small abominations (Gauntlet)
  2 wights (D:8)
  12 killer bees
  3 howler monkeys
  An electric eel (D:10)
  4 hounds (D:6)
  3 gnoll boudas
  26 orc priests
  2 iguanas
  23 orc wizards
  3 howler monkey zombies (D:10)
  14 gnolls
  14 adders
  2 river rats (Sewer)
  6 white imps
  An ufetubus (D:5)
  3 worms
  A dart slug (D:2)
  99 orcs
  8 endoplasms
  6 giant cockroaches
  6 hobgoblins
  3 quokkas
  14 ball pythons
  7 bats
  5 frilled lizards
  3 goblins
  32 kobolds
  12 rats
606 creatures vanquished.

Vanquished Creatures (others)
  An orc (Orc:2)
  50 fungi
  89 plants
  4 withered plants (D:10)
144 creatures vanquished.

Grand Total: 750 creatures vanquished

Notes
Turn   | Place    | Note
-------+----------+-------------------------------------------
     0 | D:1      | soggyman666 the Minotaur Fighter began the quest for the
                  | Orb.
     0 | D:1      | Reached XP level 1. HP: 19/19 MP: 0/0
   253 | D:1      | Reached XP level 2. HP: 26/27 MP: 1/1
   848 | D:2      | Reached XP level 3. HP: 33/33 MP: 2/2
   851 | D:2      | Reached skill level 3 in Axes
   864 | D:2      | Reached skill level 1 in Dodging
  1299 | D:2      | Noticed a scorpion
  1307 | D:2      | Killed a scorpion
  1308 | D:2      | Reached skill level 4 in Axes
  1308 | D:2      | Reached XP level 4. HP: 15/40 MP: 3/3
  1704 | D:3      | Found a runed translucent gate.
  1704 | D:3      | Found a runed translucent gate.
  1704 | D:3      | Found a runed translucent gate.
  1706 | D:3      | Noticed Jingleheimer's ghost (amateur DsFi)
  1707 | D:3      | Noticed a kobold brigand
  1875 | D:3      | Reached XP level 5. HP: 47/47 MP: 4/4
  1898 | D:3      | Found a large runed translucent door.
  1899 | D:3      | Found a large runed translucent door.
  2001 | D:3      | Found a sparkling altar of Nemelex Xobeh.
  2322 | D:3      | Found a shimmering altar of Xom.
  2329 | D:3      | Found an ancient bone altar of Kikubaaqudgha.
  2393 | D:3      | Reached skill level 1 in Evocations
  2394 | D:3      | Killed Jingleheimer's ghost
  2395 | D:3      | Reached skill level 5 in Axes
  2395 | D:3      | Reached XP level 6. HP: 45/53 MP: 5/5
  2602 | D:4      | Reached skill level 6 in Axes
  2602 | D:4      | Reached skill level 5 in Armour
  2602 | D:4      | Reached XP level 7. HP: 33/60 MP: 6/6
  2772 | D:4      | Found an iron altar of Okawaru.
  2852 | D:4      | Noticed Edmund
  2865 | D:4      | Killed Edmund
  3808 | D:5      | Entered Level 5 of the Dungeon
  3820 | D:5      | Reached skill level 5 in Fighting
  3820 | D:5      | Reached skill level 7 in Axes
  3998 | D:5      | Found a glowing drain.
  4017 | Sewer    | Entered a sewer
  4264 | Sewer    | Reached skill level 5 in Shields
  4268 | Sewer    | Reached XP level 8. HP: 56/68 MP: 7/7
  4505 | Sewer    | Gained mutation: Your system is resistant to poisons.
                  | (rPois) [potion of mutation]
  4505 | Sewer    | Gained mutation: You occasionally lose the ability to read
                  | scrolls when taking damage. [potion of mutation]
  4505 | Sewer    | Gained mutation: Your mind is acute. (Int +4, Str/Dex -1)
                  | [potion of mutation]
  4593 | D:5      | Noticed Pikel
  4600 | D:5      | Killed Pikel
  4601 | D:5      | Reached skill level 8 in Axes
  5372 | D:6      | Found Celudyu's Antique Weapon Emporium.
  5546 | D:6      | Reached skill level 9 in Axes
  5608 | D:6      | Reached XP level 9. HP: 73/75 MP: 8/8
  5817 | D:6      | Found a hide-covered altar of Uskayaw.
  5818 | D:6      | Found an opulent altar of Gozag.
  5848 | D:6      | Found a hazy altar of Hepliaklqana.
  5973 | D:6      | Found a shadowy altar of Dithmenos.
  6025 | D:6      | Noticed Eustachio
  6031 | D:6      | Killed Eustachio
  6423 | D:7      | Reached skill level 10 in Axes
  6619 | D:7      | Found Pocamyacs's General Store.
  6687 | D:7      | Bought a scroll of identify for 28 gold pieces
  6687 | D:7      | Bought a scroll of identify for 28 gold pieces
  6687 | D:7      | Bought a ring of flight for 245 gold pieces
  7036 | D:7      | Found a staircase to the Ecumenical Temple.
  7058 | Temple   | Entered the Ecumenical Temple
  7765 | D:8      | Found Seed's Antique Weapon Emporium.
  7889 | D:8      | Reached skill level 1 in Stealth
  7989 | D:8      | Reached XP level 10. HP: 39/84 MP: 9/9
  8339 | D:4      | Became a worshipper of Warmaster Okawaru
  8474 | D:8      | Reached skill level 11 in Axes
  8867 | D:8      | Reached * piety under Okawaru
  9205 | D:8      | Reached skill level 12 in Axes
  9419 | D:8      | Reached ** piety under Okawaru
  9793 | D:8      | Reached skill level 10 in Armour
  9793 | D:8      | Reached XP level 11. HP: 97/97 MP: 9/12
  9794 | D:8      | Reached skill level 13 in Axes
  9794 | D:8      | Reached skill level 5 in Dodging
  9794 | D:8      | Reached skill level 10 in Shields
  9794 | D:8      | Reached skill level 5 in Evocations
  9794 | D:8      | Reached XP level 12. HP: 106/106 MP: 9/13
  9885 | D:8      | Found a broken altar of Ashenzari.
 10029 | D:9      | Identified the +6 flail of Uttom {vorpal, rPois Str-3
                  | Dex+3}
 10311 | D:9      | Found a staircase to the Lair.
 10348 | D:9      | Noticed Erolcha
 10408 | D:9      | Found a runed translucent door.
 10531 | D:9      | Killed Erolcha
 10532 | D:9      | Reached skill level 10 in Fighting
 10532 | D:9      | Reached skill level 1 in Maces & Flails
 10840 | D:9      | Reached skill level 14 in Axes
 10843 | D:9      | Reached XP level 13. HP: 113/113 MP: 14/14
 10850 | D:9      | Reached *** piety under Okawaru
 10918 | D:9      | Found a burning altar of Makhleb.
 10962 | Lair:1   | Entered Level 1 of the Lair of Beasts
 11229 | Lair:1   | Noticed Fannar
 11254 | Lair:1   | Killed Fannar
 12822 | Lair:2   | You fall into a shaft and drop 2 floors!
 12920 | Lair:4   | Found a gate leading to a gauntlet.
 12940 | Gauntlet | Entered a Gauntlet
 12940 | Gauntlet | Found a transporter.
 12940 | Gauntlet | Found a transporter.
 12946 | Gauntlet | Found a transporter.
 12958 | Gauntlet | Found a transporter.
 12958 | Gauntlet | Found the +8 whip "Snakebite" {venom, curare, rPois}
 12976 | Gauntlet | Found a transporter.
 12976 | Gauntlet | Found a transporter.
 12976 | Gauntlet | Found a transporter.
 12978 | Gauntlet | Found a transporter.
 12978 | Gauntlet | Found a transporter.
 12983 | Gauntlet | Found a runed translucent door.
 12983 | Gauntlet | Found a runed translucent door.
 12990 | Gauntlet | Found a transporter.
 13006 | Gauntlet | Found a transporter.
 13016 | Gauntlet | Found a transporter.
 13030 | Gauntlet | Found a transporter.
 13064 | Gauntlet | Found a transporter.
 13712 | Gauntlet | Identified the ring of the Will of the Gods {Fire rN++
                  | Will+ Str+3 Dex-4}
 13774 | Gauntlet | Identified the +3 plate armour "Vuhuefop" {+Inv rC- rCorr
                  | Dex+6}
 13774 | Gauntlet | Noticed a minotaur
 13784 | Gauntlet | Killed a minotaur
 13941 | Lair:3   | Noticed Amaemon
 13959 | Lair:2   | Reached skill level 15 in Axes
 14702 | Lair:2   | Found a hole to the Spider Nest.
 14831 | Lair:2   | Reached **** piety under Okawaru
 15464 | Spider:1 | Entered Level 1 of the Spider Nest
 15871 | Lair:3   | Noticed Josephine
 16307 | Lair:3   | Killed Amaemon
 16307 | Lair:3   | Reached ***** piety under Okawaru
 16456 | D:10     | Entered Level 10 of the Dungeon
 16518 | D:10     | Reached skill level 16 in Axes
 16627 | D:10     | Noticed Maurice
 16642 | D:10     | Killed Maurice
 16642 | D:10     | Received a gift from Okawaru
 16673 | D:10     | Noticed Harold
 16693 | D:10     | Killed Harold
 16716 | D:10     | Received a gift from Okawaru
 16791 | D:10     | Found a stormy altar of Qazlal.
 16918 | D:10     | Reached XP level 14. HP: 100/127 MP: 15/15
 17435 | D:11     | Noticed Nergalle
 17459 | D:11     | Killed Nergalle
 17578 | D:11     | You fall into a shaft and drop 2 floors!
 18403 | D:11     | Identified the +2 robe of Yrchyelong {*Corrode rElec rPois
                  | Int+5}
 18905 | D:8      | Bought a twisted mace for 216 gold pieces
 18905 | D:8      | Identified the +5 mace "Cewuwol" {freeze, Str+4} (You
                  | bought it in a shop on level 8 of the Dungeon)
 19621 | D:12     | Noticed Psyche
 19630 | D:12     | Killed Psyche
 19829 | D:12     | Reached skill level 17 in Axes
 19829 | D:12     | Reached skill level 1 in Throwing
 20029 | D:12     | Received a gift from Okawaru
 20066 | D:12     | Found a staircase to the Orcish Mines.
 20472 | Orc:1    | Entered Level 1 of the Orcish Mines
 20586 | Orc:2    | Entered Level 2 of the Orcish Mines
 21113 | Orc:2    | Reached skill level 5 in Invocations
 21117 | Orc:2    | Noticed an orc warlord
 21183 | Orc:2    | Killed an orc warlord
 21202 | Orc:2    | Reached ****** piety under Okawaru
 21320 | Orc:2    | Found Rubuzel's Distillery.
 21325 | Orc:2    | Bought a potion of curing for 36 gold pieces
 21325 | Orc:2    | Bought a potion of curing for 36 gold pieces
 21325 | Orc:2    | Bought a potion of heal wounds for 60 gold pieces
 21373 | Orc:2    | Received a gift from Okawaru
 21440 | Orc:2    | Found Etak's Jewellery Shop.
 21584 | Orc:2    | Found Suug Inu's Distillery.
 21596 | Orc:2    | Reached skill level 18 in Axes
 21649 | Orc:2    | Found Wuhavvi's Book Shop.
 21745 | Orc:2    | Received a gift from Okawaru
 21991 | Orc:2    | Found a staircase to the Elven Halls.
 22084 | Orc:2    | Reached XP level 15. HP: 101/136 MP: 18/18
 22899 | Elf:1    | Entered Level 1 of the Elven Halls
 23135 | Lair:3   | Noticed Gastronok
 23348 | Lair:3   | Killed Josephine
 23496 | Lair:3   | Killed Gastronok
 23700 | Lair:3   | Found a staircase to the Swamp.
 24152 | Swamp:1  | Entered Level 1 of the Swamp
 24154 | Swamp:1  | Noticed Donald
 24180 | Swamp:1  | Slain by Donald

Illustrated notes

Levels and vault maps discovered:
D:1:      psy_arrival_whirlpool, layout_loops_ring
D:2:      layout_loops_cross, corner_web_ring, small_statue_intersection
D:3:      layout_rooms, nemelex_spade_bored_becter, jmf_multi_god_temple2,
          gammafunk_ghost_nasty_kobolds
D:4:      layout_basic, nicolae_overflow_hidden_temple, uniq_edmund
D:5:      layout_loops_ring, gup_sewer_entry_pipe, kennysheep_flooded_box,
          uniq_pikel
D:6:      layout_loops_ring, mainiacjoe_overflow_six_doors_small,
          nicolae_dithmenos_the_darkroom, mainiacjoe_overflow_divided_tiny,
          serial_shops, shop, uniq_eustachio
D:7:      layout_loops_ring, minmay_temple_entry_nine_rooms, serial_shops,
          nicolae_shop_stone
D:8:      kb_forest_paths, layout_loops_ring, kennysheep_mini_moat,
          serial_shops, shop, palyth_stone_intersect, eino_curves_03,
          minmay_fractal_squares_diagonal_5
D:9:      layout_loops_ring, nzn_makhleb_speed_demon, lair_entry_dummy,
          grunt_tough_drop, uniq_erolcha
D:10:     layout_cave_pools, mainiacjoe_overflow_brackets, serial_undead,
          serial_undead_f, serial_undead_f, serial_undead_c, serial_undead_e,
          serial_undead_e, serial_undead_f, serial_undead_a, serial_undead_f,
          minivault_23, uniq_harold, uniq_maurice
D:11:     layout_rooms, minmay_mirror_moons_of_madness, uniq_nergalle
D:12:     layout_loops_corners, minmay_orc_entry_temple_small, hex_large,
          uniq_psyche
D:13:     fort_yaktaur, layout_basic, portal_ice_cave_entry_pillars_1,
          minivault_8, uniq_urug
Temple:   hellmonk_temple_of_storms
Lair:1:   layout_regular_city, uniq_fannar
Lair:2:   minmay_lair_venomous_thicket, layout_gridlike,
          spider_nest_entry_funnel_web
Lair:3:   layout_loops_ring, minmay_swamp_entry_swarm, uniq_amaemon,
          uniq_gastronok, uniq_josephine
Lair:4:   layout_small_grid, gauntlet_entry_generic, infiniplex_staircase_pool_2
Swamp:1:  layout_basic_swamp, nicolae_swamp_little_swirl, swamp_pool3,
          uniq_donald
Spider:1: layout_spider_delve
Orc:1:    layout_caves, basic_altar
Orc:2:    pubby_orc_utopia, serial_shops
Elf:1:    minmay_the_grid_triangle_9x9_recursive_2_mashed
          [minmay_the_grid_triangle_9x9_prize_schism,
          minmay_the_grid_triangle_9x9_from_above,
          minmay_the_grid_triangle_9x9_sprig,
          minmay_the_grid_triangle_9x9_cache], layout_gridlike,
          minmay_elf_sorcery, lemuel_statue_altar, grunt_ministairs_6,
          st_stairs_11, hangedman_glass_teeth, minivault_5,
          david_defended_altar_elf

Skill      XL: |  1  2  3  4  5  6  7  8  9 10 11 12 13 14 15 |
---------------+----------------------------------------------+-----
Fighting       | 4 5 6 9 10 12 13 | 13.6
Armour         | 4 5 6 8 10 11 12 13 | 13.2
Axes           | 4 5 6 7 9 10 12 13 14 16 18 | 18.3
Dodging        | 1 2 4 5 6 7 |  7.2
Shields        | 4 5 6 7 9 10 11 12 | 12.4
Evocations     | 1 2 4 5 6 |  6.4
Stealth        | 1 3 4 |  4.2
Invocations    | 2 3 5 |  5.9
Maces & Flails | 1 2 3 4 |  4.2
Throwing       | 2 |  2.1

Action                   |  1- 3 |  4- 6 |  7- 9 | 10-12 | 13-15 || total
-------------------------+-------+-------+-------+-------+-------++-------
Melee: War axe           |    91 |    45 |   275 |   188 |   368 ||   967
       Headbutt          |    11 |     4 |    39 |    54 |   263 ||   371
       Flail             |       |       |       |    20 |       ||    20
       Broad axe         |       |       |       |       |   550 ||   550
       Whip              |       |       |       |       |    60 ||    60
       Mace              |       |       |       |       |    44 ||    44
Throw: Throwing net      |       |       |       |       |     2 ||     2
       Javelin           |       |       |       |       |     2 ||     2
       Dart              |       |       |       |       |     1 ||     1
Invok: Heroism           |       |       |       |       |     2 ||     2
       Finesse           |       |       |       |       |     1 ||     1
Evoke: Wand              |       |       |       |    16 |    55 ||    71
  Use: Scroll            |     1 |     4 |    13 |     9 |     9 ||    36
       Potion            |       |     1 |    11 |     2 |     6 ||    20
 Stab: Invisible         |       |       |       |       |     3 ||     3
Armor: Scale mail        |    29 |       |       |       |       ||    29
       Chain mail        |    12 |    11 |   115 |    23 |       ||   161
       Skin              |       |       |     8 |       |       ||     8
       Plate armour      |       |       |       |    21 |   377 ||   398
Dodge: Dodged            |    44 |    15 |    87 |    52 |   394 ||   592
Block: Buckler           |    29 |    23 |   148 |   122 |   398 ||   720
       Reflection        |       |       |    12 |     2 |     2 ||    16
